[ PARTIDA AOE2 · #477133631 ]
UnrankedChinos vs Ethiopians
Equipo del jugador · DERR
[ ANÁLISIS DE REPETICIÓN · EXTRAÍDO DE LA PARTIDA GRABADA ]
Feudal
12:12
Castillos
28:59
Imperial
—
| APM promedio | 44.5 |
| APM pico | 86 |
| eAPM promedio | 28.0 |
| Aldeanos / militares | 90 / 12 |
Foco
⚔️ 24.7% · 🌾 75.3%
Spearman ×6 · Monk ×4 · Chu Ko Nu ×2
Feudal
13:07
Castillos
18:17
Imperial
—
| APM promedio | 25.5 |
| APM pico | 56 |
| eAPM promedio | 12.6 |
| Aldeanos / militares | 87 / 23 |
Foco
⚔️ 23.2% · 🌾 76.8%
Skirmisher ×17 · Knight ×5 · Mangonel ×1
Feudal
12:25
Castillos
20:18
Imperial
—
| APM promedio | 28.1 |
| APM pico | 46 |
| eAPM promedio | 15.7 |
| Aldeanos / militares | 118 / 48 |
Foco
⚔️ 23.5% · 🌾 76.5%
Knight ×38 · Camel Scout ×9 · Militia ×1
Feudal
14:34
Castillos
23:56
Imperial
—
| APM promedio | 21.1 |
| APM pico | 53 |
| eAPM promedio | 10.2 |
| Aldeanos / militares | 49 / 19 |
Foco
⚔️ 22.9% · 🌾 77.1%
Cavalry Archer ×6 · Archer ×5 · Skirmisher ×5 · Spearman ×3
Feudal
15:02
Castillos
24:26
Imperial
—
| APM promedio | 19.3 |
| APM pico | 51 |
| eAPM promedio | 9.8 |
| Aldeanos / militares | 66 / 39 |
Foco
⚔️ 26.0% · 🌾 74.0%
Spearman ×18 · Scorpion ×12 · Archer ×6 · Battering Ram ×3
Feudal
12:57
Castillos
21:24
Imperial
37:44
| APM promedio | 42.1 |
| APM pico | 87 |
| eAPM promedio | 20.9 |
| Aldeanos / militares | 137 / 51 |
Foco
⚔️ 26.5% · 🌾 73.5%
Archer ×43 · Mangonel ×3 · Battering Ram ×3 · Spearman ×2
Feudal
11:28
Castillos
29:33
Imperial
—
| APM promedio | 33.5 |
| APM pico | 94 |
| eAPM promedio | 22.7 |
| Aldeanos / militares | 85 / 30 |
Foco
⚔️ 40.3% · 🌾 59.7%
Knight ×25 · Scout Cavalry ×3 · Monk ×2
Feudal
12:59
Castillos
16:55
Imperial
38:36
| APM promedio | 40.6 |
| APM pico | 81 |
| eAPM promedio | 18.2 |
| Aldeanos / militares | 162 / 43 |
Foco
⚔️ 24.9% · 🌾 75.1%
Mameluke ×42 · Monk ×1
Mapa de la partida
Recursos iniciales + cada clic de construcción. Líneas = muros · curvas = relieve. ◆ oro · ⬟ piedra · ● bayas · ✦ reliquia · ◌ hueco del cierre
Tu base· Abierta — flanco sin cerrar
Base de [TN] Striker Eureka· Abierta — flanco sin cerrar
Base de Franco· Abierta — flanco sin cerrar
Base de BRAZILBIKINI· Abierta — flanco sin cerrar
Base de Godot - The 14th Persecutor· Abierta — flanco sin cerrar
Base de mikeymazko· Abierta — flanco sin cerrar
Base de SNWY4· Abierta — hueco de 3t
Base de Snowy· Abierta — flanco sin cerrar
Terreno inicial suavizado · ◌ = hueco del cierre detectado · pasá el cursor para detalles
Inputs por minuto
— Fs.Riczayk - - [TN] Striker Eureka
Build order — Fs.Riczayk
Primeras 150 de 187 acciones detectadas
| 0:39 | Construir | Town Center |
| 1:50 | Construir | House |
| 2:52 | Investigar | Loom |
| 3:26 | Crear | Villager (Male) |
| 4:00 | Crear | Villager (Male) |
| 4:00 | Crear | Villager (Male) |
| 4:00 | Crear | Villager (Male) |
| 4:00 | Crear | Villager (Male) |
| 4:00 | Crear | Villager (Male) |
| 4:00 | Crear | Villager (Male) |
| 4:03 | Construir | House |
| 4:29 | Crear | Villager (Male) |
| 5:02 | Crear | Villager (Male) |
| 5:02 | Crear | Villager (Male) |
| 5:33 | Crear | Villager (Male) |
| 5:33 | Crear | Villager (Male) |
| 5:33 | Crear | Villager (Male) |
| 5:50 | Crear | Villager (Male) |
| 6:07 | Crear | Villager (Male) |
| 6:07 | Crear | Villager (Male) |
| 6:35 | Crear | Villager (Male) |
| 6:36 | Crear | Villager (Male) |
| 6:36 | Crear | Villager (Male) |
| 6:40 | Construir | Mill |
| 6:50 | Construir | House |
| 7:20 | Crear | Villager (Male) |
| 7:41 | Crear | Villager (Male) |
| 7:52 | Construir | Lumber Camp |
| 8:37 | Construir | House |
| 9:06 | Crear | Villager (Male) |
| 9:27 | Crear | Villager (Male) |
| 10:02 | Investigar | Feudal Age |
| 10:32 | Construir | House |
| 10:43 | Construir | House |
| 10:53 | Crear | Villager (Male) |
| 11:04 | Crear | Villager (Male) |
| 11:07 | Construir | House |
| 11:18 | Crear | Villager (Male) |
| 11:20 | Construir | Barracks |
| 12:12 | Edad | Edad Feudal |
| 12:18 | Construir | Watch Tower |
| 12:22 | Crear | Villager (Male) |
| 12:29 | Construir | Mining Camp |
| 12:29 | Crear | Villager (Male) |
| 12:57 | Crear | Spearman |
| 12:57 | Crear | Spearman |
| 13:10 | Crear | Villager (Male) |
| 13:22 | Construir | House |
| 13:29 | Crear | Spearman |
| 13:35 | Construir | House |
| 13:38 | Construir | House |
| 13:42 | Construir | Palisade Wall |
| 13:43 | Construir | Palisade Wall |
| 13:44 | Construir | Palisade Wall |
| 13:53 | Crear | Villager (Male) |
| 13:59 | Crear | Villager (Male) |
| 14:19 | Construir | Palisade Wall |
| 14:20 | Construir | Palisade Wall |
| 14:24 | Crear | Spearman |
| 14:27 | Crear | Villager (Male) |
| 14:31 | Construir | Watch Tower |
| 14:50 | Construir | Palisade Wall |
| 15:21 | Crear | Villager (Male) |
| 15:32 | Investigar | Stone Mining |
| 15:33 | Crear | Villager (Male) |
| 15:40 | Construir | House |
| 15:47 | Construir | House |
| 15:57 | Construir | Farm |
| 15:57 | Construir | Farm |
| 15:58 | Crear | Villager (Male) |
| 16:08 | Crear | Villager (Male) |
| 16:22 | Crear | Villager (Male) |
| 16:26 | Construir | Watch Tower |
| 16:33 | Investigar | Double-Bit Axe |
| 16:34 | Crear | Villager (Male) |
| 16:38 | Crear | Spearman |
| 17:12 | Crear | Villager (Male) |
| 17:26 | Construir | Watch Tower |
| 17:34 | Crear | Villager (Male) |
| 17:58 | Crear | Villager (Male) |
| 18:06 | Crear | Villager (Male) |
| 18:09 | Construir | Blacksmith |
| 18:29 | Crear | Spearman |
| 19:01 | Construir | Farm |
| 19:03 | Construir | Farm |
| 19:04 | Crear | Villager (Male) |
| 19:47 | Construir | Mill |
| 19:51 | Crear | Villager (Male) |
| 20:37 | Crear | Villager (Male) |
| 21:08 | Construir | Market |
| 21:12 | Investigar | Fletching |
| 21:13 | Crear | Villager (Male) |
| 21:35 | Crear | Villager (Male) |
| 21:45 | Crear | Villager (Male) |
| 22:13 | Crear | Villager (Male) |
| 22:20 | Crear | Villager (Male) |
| 22:38 | Crear | Villager (Male) |
| 22:43 | Construir | House |
| 22:44 | Construir | House |
| 22:49 | Crear | Villager (Male) |
| 22:51 | Crear | Villager (Male) |
| 23:02 | Crear | Villager (Male) |
| 23:17 | Construir | Lumber Camp |
| 23:26 | Investigar | Wheelbarrow |
| 23:28 | Crear | Villager (Male) |
| 23:34 | Crear | Villager (Male) |
| 23:48 | Crear | Villager (Male) |
| 23:52 | Crear | Villager (Male) |
| 24:10 | Construir | House |
| 24:16 | Crear | Villager (Male) |
| 24:28 | Construir | House |
| 24:33 | Construir | Palisade Wall |
| 24:42 | Crear | Villager (Male) |
| 25:05 | Crear | Villager (Male) |
| 25:17 | Crear | Villager (Male) |
| 25:30 | Construir | House |
| 25:30 | Construir | House |
| 25:44 | Crear | Villager (Male) |
| 25:50 | Crear | Villager (Male) |
| 25:58 | Construir | Mining Camp |
| 26:02 | Crear | Villager (Male) |
| 26:05 | Construir | House |
| 26:19 | Investigar | Castle Age |
| 26:19 | Investigar | Castle Age |
| 26:29 | Construir | House |
| 26:32 | Construir | House |
| 26:46 | Construir | Stone Wall |
| 27:01 | Crear | Villager (Male) |
| 27:09 | Construir | House |
| 27:11 | Construir | House |
| 27:33 | Crear | Villager (Male) |
| 27:53 | Crear | Villager (Male) |
| 28:08 | Crear | Villager (Male) |
| 28:40 | Construir | House |
| 28:59 | Edad | Edad de los Castillos |
| 29:03 | Investigar | Bodkin Arrow |
| 29:04 | Crear | Villager (Male) |
| 29:11 | Crear | Villager (Male) |
| 29:27 | Crear | Villager (Male) |
| 29:49 | Crear | Villager (Male) |
| 29:52 | Construir | Town Center |
| 29:54 | Crear | Villager (Male) |
| 29:59 | Investigar | Horse Collar |
| 30:35 | Crear | Villager (Male) |
| 31:04 | Crear | Villager (Male) |
| 31:05 | Crear | Villager (Male) |
| 31:19 | Crear | Villager (Male) |
| 31:36 | Crear | Villager (Male) |
| 31:42 | Construir | Monastery |
| 31:45 | Crear | Villager (Male) |
Build order — [TN] Striker Eureka
Primeras 150 de 205 acciones detectadas
| 0:30 | Construir | Town Center |
| 2:40 | Construir | House |
| 2:47 | Crear | Villager (Male) |
| 2:47 | Crear | Villager (Male) |
| 2:47 | Crear | Villager (Male) |
| 2:48 | Crear | Villager (Male) |
| 3:20 | Construir | House |
| 3:53 | Investigar | Loom |
| 4:03 | Construir | House |
| 4:05 | Construir | House |
| 4:51 | Construir | Mule Cart |
| 4:56 | Crear | Villager (Male) |
| 4:56 | Crear | Villager (Male) |
| 4:57 | Crear | Villager (Male) |
| 5:10 | Construir | Palisade Wall |
| 5:13 | Crear | Villager (Male) |
| 5:54 | Crear | Villager (Male) |
| 6:14 | Crear | Villager (Male) |
| 6:14 | Crear | Villager (Male) |
| 6:26 | Construir | House |
| 6:50 | Crear | Villager (Male) |
| 6:55 | Construir | Palisade Wall |
| 7:54 | Crear | Villager (Male) |
| 7:55 | Crear | Villager (Male) |
| 8:00 | Construir | Mill |
| 8:10 | Construir | Mill |
| 8:19 | Crear | Villager (Male) |
| 8:38 | Crear | Villager (Male) |
| 9:04 | Crear | Villager (Male) |
| 9:17 | Crear | Villager (Male) |
| 10:30 | Construir | House |
| 10:57 | Investigar | Feudal Age |
| 11:08 | Construir | Barracks |
| 11:45 | Construir | Mule Cart |
| 12:36 | Crear | Villager (Male) |
| 12:37 | Crear | Villager (Male) |
| 13:07 | Edad | Edad Feudal |
| 13:10 | Construir | Stable |
| 13:25 | Construir | Blacksmith |
| 13:29 | Crear | Villager (Male) |
| 14:07 | Construir | Mill |
| 14:16 | Construir | House |
| 14:18 | Construir | Palisade Wall |
| 14:19 | Construir | Palisade Wall |
| 14:30 | Crear | Villager (Male) |
| 15:10 | Crear | Villager (Male) |
| 15:37 | Investigar | Castle Age |
| 16:03 | Investigar | Man-at-Arms (upgrade) |
| 16:56 | Construir | House |
| 17:11 | Construir | House |
| 17:29 | Crear | Villager (Male) |
| 17:33 | Investigar | Scale Mail Armor |
| 17:38 | Investigar | Scale Barding Armor |
| 18:08 | Construir | Watch Tower |
| 18:17 | Edad | Edad de los Castillos |
| 18:30 | Crear | Knight |
| 18:30 | Crear | Knight |
| 19:30 | Crear | Villager (Male) |
| 19:41 | Crear | Villager (Male) |
| 19:45 | Crear | Knight |
| 20:08 | Construir | Mule Cart |
| 20:11 | Crear | Villager (Male) |
| 20:12 | Crear | Villager (Male) |
| 20:28 | Construir | House |
| 20:30 | Construir | House |
| 20:31 | Construir | House |
| 20:55 | Crear | Villager (Male) |
| 21:13 | Crear | Villager (Male) |
| 21:23 | Crear | Villager (Male) |
| 21:37 | Crear | Villager (Male) |
| 21:38 | Crear | Villager (Male) |
| 21:39 | Construir | Farm |
| 21:41 | Construir | Farm |
| 21:57 | Crear | Villager (Male) |
| 22:25 | Crear | Villager (Male) |
| 22:51 | Construir | Archery Range |
| 22:53 | Crear | Villager (Male) |
| 23:27 | Construir | Town Center |
| 23:57 | Investigar | Elite Skirmisher (upgrade) |
| 23:59 | Investigar | Fletching |
| 24:07 | Construir | Farm |
| 24:07 | Construir | Farm |
| 24:07 | Construir | Farm |
| 24:07 | Construir | Farm |
| 24:15 | Construir | Farm |
| 24:18 | Crear | Villager (Male) |
| 24:50 | Construir | Market |
| 24:52 | Crear | Villager (Male) |
| 24:58 | Crear | Skirmisher |
| 25:03 | Construir | House |
| 25:05 | Construir | House |
| 25:19 | Crear | Skirmisher |
| 25:33 | Crear | Skirmisher |
| 25:54 | Crear | Villager (Male) |
| 25:58 | Crear | Villager (Male) |
| 26:31 | Construir | Farm |
| 26:40 | Construir | House |
| 26:42 | Construir | House |
| 26:52 | Construir | House |
| 27:00 | Construir | Stone Wall |
| 27:04 | Crear | Villager (Male) |
| 27:06 | Crear | Skirmisher |
| 27:06 | Crear | Skirmisher |
| 27:14 | Crear | Villager (Male) |
| 27:27 | Investigar | Double-Bit Axe |
| 27:31 | Investigar | Horse Collar |
| 27:36 | Construir | Farm |
| 27:36 | Construir | Farm |
| 27:43 | Crear | Villager (Male) |
| 27:43 | Crear | Villager (Male) |
| 27:51 | Crear | Villager (Male) |
| 28:08 | Crear | Skirmisher |
| 28:16 | Construir | Farm |
| 28:17 | Construir | Farm |
| 28:32 | Investigar | Forging |
| 28:37 | Investigar | Gambesons |
| 28:41 | Crear | Skirmisher |
| 28:47 | Construir | Farm |
| 28:55 | Crear | Skirmisher |
| 28:55 | Crear | Skirmisher |
| 29:25 | Construir | University |
| 29:32 | Construir | Monastery |
| 29:34 | Crear | Villager (Male) |
| 29:35 | Crear | Villager (Male) |
| 29:51 | Investigar | Gold Mining |
| 29:57 | Construir | Mill |
| 29:59 | Construir | Farm |
| 29:59 | Construir | Farm |
| 30:02 | Crear | Knight |
| 30:02 | Crear | Knight |
| 30:24 | Construir | Siege Workshop |
| 30:48 | Construir | Castle |
| 31:05 | Crear | Mangonel |
| 31:55 | Crear | Villager (Male) |
| 31:55 | Crear | Villager (Male) |
| 31:56 | Crear | Villager (Male) |
| 31:57 | Crear | Villager (Male) |
| 31:57 | Crear | Villager (Male) |
| 32:21 | Crear | Villager (Male) |
| 32:21 | Crear | Villager (Male) |
| 32:57 | Crear | Villager (Male) |
| 32:57 | Crear | Villager (Male) |
| 33:26 | Crear | Villager (Male) |
| 33:38 | Investigar | Ballistics |
| 33:50 | Crear | Skirmisher |
| 33:50 | Crear | Skirmisher |
| 33:50 | Crear | Skirmisher |
| 34:13 | Crear | Villager (Male) |
| 34:14 | Crear | Villager (Male) |
| 34:36 | Crear | Villager (Male) |
Build order — Franco
Primeras 150 de 279 acciones detectadas
| 0:12 | Construir | Town Center |
| 2:12 | Construir | House |
| 2:32 | Crear | Villager (Male) |
| 2:32 | Crear | Villager (Male) |
| 2:35 | Investigar | Loom |
| 2:48 | Crear | Villager (Male) |
| 3:01 | Crear | Villager (Male) |
| 3:05 | Construir | House |
| 3:32 | Crear | Villager (Male) |
| 4:38 | Construir | House |
| 4:47 | Crear | Villager (Male) |
| 4:47 | Crear | Villager (Male) |
| 4:53 | Crear | Villager (Male) |
| 5:13 | Crear | Villager (Male) |
| 5:47 | Crear | Villager (Male) |
| 6:08 | Construir | Lumber Camp |
| 6:36 | Crear | Villager (Male) |
| 6:43 | Crear | Villager (Male) |
| 7:15 | Construir | House |
| 7:27 | Crear | Villager (Male) |
| 7:36 | Crear | Villager (Male) |
| 7:58 | Construir | House |
| 8:00 | Crear | Villager (Male) |
| 8:15 | Crear | Villager (Male) |
| 8:16 | Crear | Villager (Male) |
| 8:28 | Crear | Villager (Male) |
| 8:39 | Crear | Villager (Male) |
| 8:46 | Crear | Villager (Male) |
| 9:10 | Crear | Villager (Male) |
| 9:19 | Crear | Villager (Male) |
| 9:25 | Construir | Mill |
| 9:32 | Crear | Villager (Male) |
| 9:37 | Crear | Villager (Male) |
| 10:14 | Investigar | Feudal Age |
| 11:09 | Crear | Villager (Male) |
| 12:25 | Edad | Edad Feudal |
| 12:31 | Construir | Town Center |
| 12:34 | Crear | Villager (Male) |
| 12:46 | Construir | Blacksmith |
| 12:56 | Crear | Villager (Male) |
| 13:03 | Crear | Villager (Male) |
| 13:08 | Construir | House |
| 13:41 | Crear | Villager (Male) |
| 13:50 | Crear | Villager (Male) |
| 14:07 | Crear | Villager (Male) |
| 14:13 | Construir | House |
| 14:30 | Crear | Villager (Male) |
| 14:38 | Crear | Villager (Male) |
| 14:44 | Crear | Villager (Male) |
| 14:44 | Crear | Villager (Male) |
| 14:53 | Construir | Mining Camp |
| 14:54 | Crear | Villager (Male) |
| 15:01 | Crear | Villager (Male) |
| 15:17 | Crear | Villager (Male) |
| 15:42 | Construir | Market |
| 15:47 | Crear | Villager (Male) |
| 16:10 | Construir | House |
| 16:37 | Construir | House |
| 16:41 | Crear | Villager (Male) |
| 16:41 | Crear | Villager (Male) |
| 16:51 | Construir | Mill |
| 17:01 | Crear | Villager (Male) |
| 17:13 | Construir | Barracks |
| 17:38 | Investigar | Castle Age |
| 18:08 | Crear | Villager (Male) |
| 18:11 | Construir | Stable |
| 18:34 | Crear | Villager (Male) |
| 18:36 | Construir | Farm |
| 18:36 | Construir | Farm |
| 18:37 | Construir | Farm |
| 18:37 | Construir | Farm |
| 18:53 | Construir | House |
| 19:00 | Crear | Villager (Male) |
| 19:16 | Construir | House |
| 19:19 | Investigar | Bloodlines |
| 19:26 | Construir | Stable |
| 19:30 | Construir | House |
| 19:31 | Construir | House |
| 19:35 | Crear | Villager (Male) |
| 19:52 | Construir | Farm |
| 20:01 | Construir | House |
| 20:08 | Investigar | Scale Barding Armor |
| 20:18 | Edad | Edad de los Castillos |
| 20:20 | Crear | Knight |
| 20:25 | Construir | House |
| 20:30 | Construir | Mill |
| 20:32 | Crear | Knight |
| 20:32 | Crear | Knight |
| 20:53 | Crear | Knight |
| 21:10 | Crear | Camel Scout |
| 21:15 | Construir | House |
| 21:16 | Crear | Villager (Male) |
| 21:32 | Crear | Camel Scout |
| 21:51 | Crear | Knight |
| 21:51 | Crear | Knight |
| 21:53 | Crear | Villager (Male) |
| 21:53 | Crear | Villager (Male) |
| 22:13 | Construir | Farm |
| 22:32 | Investigar | Chain Barding Armor |
| 22:50 | Crear | Camel Scout |
| 22:50 | Crear | Villager (Male) |
| 22:53 | Construir | Farm |
| 22:53 | Construir | Farm |
| 22:55 | Construir | Farm |
| 22:56 | Construir | Farm |
| 22:56 | Construir | Farm |
| 22:57 | Crear | Villager (Male) |
| 23:15 | Crear | Villager (Male) |
| 23:30 | Crear | Villager (Male) |
| 23:30 | Crear | Villager (Male) |
| 23:33 | Crear | Knight |
| 23:40 | Crear | Villager (Male) |
| 23:55 | Crear | Camel Scout |
| 24:02 | Crear | Villager (Male) |
| 24:04 | Construir | Farm |
| 24:04 | Construir | Farm |
| 24:05 | Construir | Farm |
| 24:05 | Crear | Villager (Male) |
| 24:18 | Investigar | Forging |
| 24:24 | Crear | Villager (Male) |
| 24:41 | Crear | Villager (Male) |
| 24:44 | Crear | Knight |
| 24:45 | Crear | Knight |
| 25:06 | Crear | Villager (Male) |
| 25:06 | Crear | Villager (Male) |
| 25:11 | Construir | Mill |
| 25:14 | Crear | Knight |
| 25:46 | Crear | Villager (Male) |
| 25:46 | Crear | Villager (Male) |
| 25:56 | Crear | Knight |
| 25:59 | Investigar | Wheelbarrow |
| 26:06 | Crear | Villager (Male) |
| 26:12 | Crear | Villager (Male) |
| 26:12 | Crear | Villager (Male) |
| 26:33 | Crear | Knight |
| 26:35 | Construir | Farm |
| 26:35 | Construir | Farm |
| 26:48 | Construir | Town Center |
| 26:49 | Crear | Villager (Male) |
| 26:49 | Crear | Villager (Male) |
| 27:12 | Crear | Camel Scout |
| 27:13 | Crear | Camel Scout |
| 27:14 | Crear | Villager (Male) |
| 27:23 | Crear | Villager (Male) |
| 27:24 | Crear | Villager (Male) |
| 27:27 | Construir | Farm |
| 27:27 | Construir | Farm |
| 27:27 | Construir | Farm |
| 27:27 | Construir | Farm |
| 27:29 | Crear | Villager (Male) |
Build order — BRAZILBIKINI
100 acciones detectadas en el replay
| 0:18 | Construir | Town Center |
| 2:46 | Construir | House |
| 2:51 | Crear | Villager (Male) |
| 2:51 | Crear | Villager (Male) |
| 2:51 | Crear | Villager (Male) |
| 2:52 | Crear | Villager (Male) |
| 3:07 | Construir | House |
| 4:21 | Crear | Villager (Male) |
| 4:39 | Investigar | Loom |
| 4:41 | Crear | Villager (Male) |
| 5:05 | Construir | Mill |
| 5:10 | Crear | Villager (Male) |
| 6:00 | Crear | Villager (Male) |
| 6:16 | Crear | Villager (Male) |
| 6:41 | Crear | Villager (Male) |
| 6:41 | Crear | Villager (Male) |
| 7:02 | Crear | Villager (Male) |
| 7:02 | Crear | Villager (Male) |
| 7:13 | Crear | Villager (Male) |
| 7:13 | Crear | Villager (Male) |
| 7:46 | Crear | Villager (Male) |
| 7:46 | Crear | Villager (Male) |
| 7:52 | Construir | House |
| 8:56 | Crear | Villager (Male) |
| 8:56 | Crear | Villager (Male) |
| 8:57 | Crear | Villager (Male) |
| 8:57 | Crear | Villager (Male) |
| 10:42 | Construir | Lumber Camp |
| 10:56 | Construir | House |
| 11:26 | Construir | Lumber Camp |
| 12:13 | Investigar | Feudal Age |
| 14:34 | Edad | Edad Feudal |
| 14:41 | Construir | Barracks |
| 15:29 | Crear | Spearman |
| 15:29 | Crear | Spearman |
| 16:12 | Investigar | Double-Bit Axe |
| 16:33 | Crear | Spearman |
| 16:42 | Construir | House |
| 16:48 | Construir | House |
| 17:07 | Crear | Villager (Male) |
| 17:08 | Crear | Villager (Male) |
| 17:36 | Crear | Villager (Male) |
| 17:36 | Crear | Villager (Male) |
| 17:37 | Crear | Villager (Male) |
| 17:37 | Crear | Villager (Male) |
| 18:16 | Construir | Archery Range |
| 19:00 | Crear | Archer ×4 |
| 19:07 | Crear | Villager (Male) |
| 19:18 | Construir | House |
| 19:19 | Construir | House |
| 19:29 | Construir | House |
| 19:51 | Construir | Watch Tower |
| 20:32 | Construir | Market |
| 21:16 | Investigar | Castle Age |
| 21:32 | Construir | Watch Tower |
| 21:37 | Crear | Archer |
| 22:26 | Crear | Skirmisher ×5 |
| 23:14 | Construir | Farm |
| 23:56 | Edad | Edad de los Castillos |
| 24:06 | Construir | Town Center |
| 24:17 | Crear | Cavalry Archer ×2 |
| 24:20 | Crear | Villager (Male) |
| 24:21 | Crear | Villager (Male) |
| 24:21 | Crear | Villager (Male) |
| 24:21 | Crear | Villager (Male) |
| 24:40 | Crear | Villager (Male) |
| 25:51 | Construir | Town Center |
| 25:56 | Crear | Villager (Male) |
| 27:05 | Crear | Villager (Male) |
| 27:05 | Crear | Villager (Male) |
| 27:42 | Crear | Villager (Male) |
| 27:43 | Crear | Villager (Male) |
| 27:43 | Crear | Villager (Male) |
| 28:15 | Construir | Watch Tower |
| 28:26 | Crear | Villager (Male) |
| 28:33 | Crear | Villager (Male) |
| 28:33 | Crear | Villager (Male) |
| 28:59 | Construir | Blacksmith |
| 29:57 | Investigar | Fletching |
| 30:26 | Crear | Villager (Male) |
| 30:27 | Crear | Villager (Male) |
| 30:31 | Construir | Farm |
| 30:32 | Construir | Farm |
| 30:32 | Construir | Farm |
| 30:32 | Construir | Farm |
| 30:32 | Construir | Farm |
| 30:33 | Construir | Farm |
| 31:03 | Crear | Villager (Male) |
| 31:08 | Construir | Farm |
| 31:08 | Construir | Farm |
| 31:09 | Construir | Farm |
| 31:09 | Construir | Farm |
| 31:28 | Crear | Villager (Male) |
| 32:45 | Crear | Villager (Male) |
| 32:46 | Crear | Villager (Male) |
| 32:46 | Crear | Villager (Male) |
| 33:04 | Crear | Cavalry Archer ×4 |
| 34:22 | Construir | Market |
| 35:10 | Construir | House |
| 35:40 | Construir | Watch Tower |
Build order — Godot - The 14th Persecutor
Primeras 150 de 174 acciones detectadas
| 0:47 | Construir | Town Center |
| 1:27 | Construir | Mill |
| 2:34 | Construir | Mill |
| 3:22 | Crear | Villager (Male) |
| 3:23 | Investigar | Loom |
| 3:23 | Crear | Villager (Male) |
| 3:23 | Crear | Villager (Male) |
| 3:24 | Crear | Villager (Male) |
| 3:34 | Investigar | Loom |
| 3:34 | Crear | Villager (Male) |
| 3:35 | Crear | Villager (Male) |
| 3:35 | Crear | Villager (Male) |
| 4:20 | Construir | House |
| 4:57 | Construir | House |
| 5:34 | Crear | Villager (Male) |
| 5:48 | Crear | Villager (Male) |
| 5:48 | Crear | Villager (Male) |
| 6:28 | Crear | Villager (Male) |
| 6:29 | Crear | Villager (Male) |
| 6:30 | Crear | Villager (Male) |
| 7:04 | Crear | Villager (Male) |
| 7:29 | Crear | Villager (Male) |
| 7:29 | Crear | Villager (Male) |
| 7:53 | Construir | House |
| 8:01 | Construir | House |
| 8:24 | Crear | Villager (Male) |
| 8:24 | Crear | Villager (Male) |
| 8:25 | Crear | Villager (Male) |
| 9:31 | Crear | Villager (Male) |
| 9:31 | Crear | Villager (Male) |
| 10:00 | Crear | Villager (Male) |
| 10:12 | Construir | Barracks |
| 10:54 | Construir | Mining Camp |
| 11:08 | Crear | Villager (Male) |
| 11:09 | Crear | Villager (Male) |
| 12:52 | Investigar | Feudal Age |
| 13:57 | Construir | Mill |
| 15:02 | Edad | Edad Feudal |
| 15:11 | Construir | House |
| 15:17 | Construir | Archery Range |
| 15:22 | Crear | Villager (Male) |
| 15:22 | Crear | Villager (Male) |
| 15:23 | Crear | Villager (Male) |
| 15:24 | Crear | Villager (Male) |
| 15:36 | Construir | Mill |
| 16:16 | Crear | Archer |
| 16:16 | Crear | Archer |
| 16:16 | Crear | Archer |
| 16:17 | Crear | Archer |
| 16:32 | Crear | Villager (Male) |
| 16:32 | Crear | Villager (Male) |
| 17:17 | Construir | House |
| 17:23 | Construir | House |
| 17:36 | Crear | Villager (Male) |
| 17:36 | Crear | Villager (Male) |
| 18:12 | Crear | Archer |
| 18:12 | Crear | Archer |
| 18:53 | Crear | Villager (Male) |
| 18:54 | Crear | Villager (Male) |
| 19:39 | Investigar | Town Watch |
| 19:52 | Construir | Lumber Camp |
| 20:33 | Construir | Lumber Camp |
| 20:42 | Crear | Villager (Male) |
| 20:43 | Crear | Villager (Male) |
| 20:44 | Crear | Villager (Male) |
| 20:45 | Crear | Villager (Male) |
| 20:55 | Construir | Market |
| 21:46 | Investigar | Castle Age |
| 21:47 | Crear | Villager (Male) |
| 21:48 | Crear | Villager (Male) |
| 21:48 | Crear | Villager (Male) |
| 21:52 | Crear | Villager (Male) |
| 21:57 | Construir | House |
| 21:59 | Construir | House |
| 23:23 | Investigar | Double-Bit Axe |
| 24:26 | Edad | Edad de los Castillos |
| 24:34 | Construir | Blacksmith |
| 25:00 | Construir | Siege Workshop |
| 25:10 | Crear | Villager (Male) |
| 25:11 | Crear | Villager (Male) |
| 25:20 | Construir | Siege Workshop |
| 25:31 | Construir | House |
| 25:34 | Construir | House |
| 25:36 | Construir | House |
| 25:50 | Crear | Scorpion |
| 25:50 | Crear | Scorpion |
| 25:51 | Crear | Scorpion |
| 25:55 | Crear | Scorpion |
| 25:56 | Crear | Scorpion |
| 25:56 | Crear | Scorpion |
| 26:09 | Crear | Spearman |
| 26:10 | Crear | Spearman |
| 26:10 | Crear | Spearman |
| 26:10 | Crear | Spearman |
| 26:10 | Crear | Spearman |
| 26:11 | Crear | Spearman |
| 26:22 | Construir | Barracks |
| 26:24 | Construir | Barracks |
| 26:39 | Investigar | Scale Mail Armor |
| 26:41 | Investigar | Forging |
| 27:16 | Crear | Spearman |
| 27:16 | Crear | Spearman |
| 27:17 | Crear | Spearman |
| 27:17 | Crear | Spearman |
| 27:17 | Crear | Spearman |
| 27:32 | Crear | Scorpion |
| 27:35 | Crear | Scorpion |
| 28:19 | Crear | Battering Ram |
| 28:20 | Crear | Battering Ram |
| 28:20 | Crear | Battering Ram |
| 28:32 | Crear | Spearman |
| 28:32 | Crear | Spearman |
| 28:32 | Crear | Spearman |
| 28:32 | Crear | Spearman |
| 28:33 | Crear | Spearman |
| 28:33 | Crear | Spearman |
| 28:33 | Crear | Spearman |
| 29:12 | Construir | Lumber Camp |
| 29:21 | Crear | Villager (Male) |
| 29:21 | Crear | Villager (Male) |
| 29:21 | Crear | Villager (Male) |
| 29:30 | Construir | House |
| 29:32 | Construir | House |
| 30:15 | Crear | Scorpion |
| 30:15 | Crear | Scorpion |
| 30:15 | Crear | Scorpion |
| 30:15 | Crear | Scorpion |
| 30:38 | Investigar | Horse Collar |
| 30:44 | Construir | Farm |
| 30:46 | Crear | Villager (Male) |
| 32:13 | Crear | Villager (Male) |
| 32:18 | Construir | Farm |
| 32:19 | Construir | Farm |
| 32:20 | Construir | Farm |
| 32:22 | Construir | Farm |
| 33:29 | Crear | Villager (Male) |
| 33:30 | Crear | Villager (Male) |
| 33:30 | Crear | Villager (Male) |
| 33:30 | Crear | Villager (Male) |
| 33:35 | Construir | House |
| 33:36 | Construir | House |
| 33:37 | Construir | House |
| 33:39 | Construir | House |
| 34:39 | Investigar | Heavy Plow |
| 34:48 | Construir | Farm |
| 34:49 | Crear | Villager (Male) |
| 35:21 | Construir | Farm |
| 35:32 | Crear | Villager (Male) |
| 35:32 | Crear | Villager (Male) |
| 36:09 | Construir | Lumber Camp |
Build order — mikeymazko
Primeras 150 de 303 acciones detectadas
| 0:32 | Construir | Town Center |
| 3:07 | Crear | Villager (Male) |
| 3:07 | Crear | Villager (Male) |
| 3:07 | Crear | Villager (Male) |
| 3:08 | Crear | Villager (Male) |
| 3:10 | Construir | House |
| 4:12 | Crear | Villager (Male) |
| 4:12 | Crear | Villager (Male) |
| 4:35 | Crear | Villager (Male) |
| 4:36 | Crear | Villager (Male) |
| 5:19 | Construir | Lumber Camp |
| 5:29 | Construir | House |
| 5:33 | Crear | Villager (Male) |
| 5:33 | Crear | Villager (Male) |
| 6:37 | Crear | Villager (Male) |
| 6:50 | Construir | House |
| 6:56 | Construir | House |
| 7:00 | Crear | Villager (Male) |
| 7:00 | Crear | Villager (Male) |
| 7:01 | Crear | Villager (Male) |
| 7:20 | Crear | Villager (Male) |
| 7:20 | Crear | Villager (Male) |
| 7:37 | Crear | Villager (Male) |
| 8:16 | Investigar | Loom |
| 8:17 | Crear | Villager (Male) |
| 8:17 | Crear | Villager (Male) |
| 8:23 | Construir | Mill |
| 8:35 | Crear | Villager (Male) |
| 8:50 | Crear | Villager (Male) |
| 8:50 | Crear | Villager (Male) |
| 9:12 | Crear | Villager (Male) |
| 9:13 | Crear | Villager (Male) |
| 10:44 | Investigar | Feudal Age |
| 11:01 | Construir | Barracks |
| 12:11 | Construir | House |
| 12:13 | Construir | House |
| 12:41 | Crear | Villager (Male) |
| 12:42 | Crear | Villager (Male) |
| 12:42 | Crear | Villager (Male) |
| 12:49 | Construir | Palisade Wall |
| 12:57 | Edad | Edad Feudal |
| 12:59 | Construir | Archery Range |
| 13:01 | Investigar | Double-Bit Axe |
| 13:02 | Crear | Villager (Male) |
| 13:34 | Crear | Villager (Male) |
| 13:55 | Construir | Blacksmith |
| 13:56 | Crear | Archer |
| 13:57 | Crear | Archer |
| 14:01 | Construir | Mill |
| 14:12 | Crear | Villager (Male) |
| 14:19 | Crear | Archer |
| 14:34 | Crear | Archer |
| 14:54 | Construir | Palisade Gate |
| 14:56 | Construir | Palisade Wall |
| 15:00 | Crear | Villager (Male) |
| 15:12 | Crear | Villager (Male) |
| 15:22 | Crear | Archer |
| 15:35 | Construir | Farm |
| 15:56 | Construir | House |
| 16:01 | Investigar | Town Watch |
| 16:21 | Crear | Villager (Male) |
| 16:31 | Construir | House |
| 16:37 | Investigar | Fletching |
| 16:46 | Crear | Villager (Male) |
| 16:46 | Crear | Villager (Male) |
| 17:04 | Construir | Farm |
| 17:07 | Construir | Farm |
| 17:14 | Construir | Farm |
| 17:15 | Crear | Villager (Male) |
| 17:19 | Construir | House |
| 17:52 | Crear | Spearman |
| 18:33 | Construir | Farm |
| 18:44 | Investigar | Castle Age |
| 18:54 | Construir | Archery Range |
| 19:22 | Construir | Farm |
| 19:31 | Construir | Lumber Camp |
| 19:44 | Investigar | Horse Collar |
| 20:04 | Crear | Archer |
| 20:05 | Crear | Archer |
| 20:08 | Investigar | Padded Archer Armor |
| 20:18 | Construir | Farm |
| 20:20 | Crear | Villager (Male) |
| 20:34 | Crear | Spearman |
| 20:54 | Crear | Archer |
| 20:55 | Crear | Archer |
| 20:56 | Crear | Archer |
| 21:24 | Edad | Edad de los Castillos |
| 21:29 | Investigar | Bodkin Arrow |
| 21:44 | Construir | Town Center |
| 21:50 | Investigar | Crossbowman (upgrade) |
| 21:50 | Investigar | Crossbowman (upgrade) |
| 22:02 | Construir | House |
| 22:29 | Crear | Archer |
| 22:29 | Crear | Archer |
| 22:31 | Crear | Villager (Male) |
| 22:31 | Crear | Villager (Male) |
| 22:31 | Crear | Villager (Male) |
| 22:49 | Crear | Villager (Male) |
| 22:49 | Crear | Villager (Male) |
| 23:01 | Construir | Town Center |
| 23:08 | Construir | Farm |
| 23:09 | Construir | Farm |
| 23:11 | Construir | Farm |
| 23:12 | Construir | Farm |
| 23:17 | Crear | Villager (Male) |
| 23:20 | Crear | Archer |
| 23:20 | Crear | Archer |
| 23:20 | Crear | Archer |
| 23:21 | Crear | Archer |
| 23:44 | Construir | Farm |
| 23:45 | Construir | Farm |
| 23:46 | Construir | Farm |
| 23:50 | Crear | Villager (Male) |
| 23:52 | Crear | Villager (Male) |
| 23:53 | Crear | Villager (Male) |
| 24:00 | Crear | Villager (Male) |
| 24:06 | Crear | Villager (Male) |
| 24:16 | Crear | Villager (Male) |
| 24:29 | Construir | Farm |
| 24:30 | Construir | Farm |
| 24:32 | Construir | Farm |
| 24:36 | Construir | Farm |
| 24:37 | Construir | Farm |
| 24:50 | Crear | Villager (Male) |
| 24:50 | Crear | Villager (Male) |
| 25:06 | Crear | Archer |
| 25:07 | Crear | Archer |
| 25:07 | Crear | Archer |
| 25:07 | Crear | Archer |
| 25:33 | Crear | Villager (Male) |
| 25:33 | Crear | Villager (Male) |
| 25:33 | Crear | Villager (Male) |
| 25:34 | Crear | Villager (Male) |
| 25:34 | Crear | Villager (Male) |
| 25:50 | Crear | Villager (Male) |
| 25:51 | Crear | Villager (Male) |
| 25:51 | Crear | Villager (Male) |
| 25:54 | Construir | Farm |
| 25:57 | Crear | Villager (Male) |
| 26:08 | Construir | House |
| 26:08 | Construir | House |
| 26:25 | Crear | Villager (Male) |
| 26:25 | Crear | Villager (Male) |
| 26:30 | Investigar | Wheelbarrow |
| 26:39 | Investigar | Heavy Plow |
| 26:40 | Investigar | Heavy Plow |
| 26:45 | Investigar | Bow Saw |
| 26:51 | Construir | House |
| 26:52 | Construir | House |
| 26:53 | Construir | House |
Build order — SNWY4
Primeras 150 de 223 acciones detectadas
| 0:41 | Construir | Town Center |
| 3:01 | Construir | House |
| 3:27 | Crear | Villager (Male) |
| 3:28 | Crear | Villager (Male) |
| 3:28 | Crear | Villager (Male) |
| 3:28 | Crear | Villager (Male) |
| 3:29 | Crear | Villager (Male) |
| 3:29 | Crear | Villager (Male) |
| 4:32 | Crear | Villager (Male) |
| 4:32 | Crear | Villager (Male) |
| 5:07 | Crear | Villager (Male) |
| 5:11 | Construir | House |
| 5:22 | Investigar | Loom |
| 6:07 | Crear | Villager (Male) |
| 6:08 | Crear | Villager (Male) |
| 6:08 | Crear | Villager (Male) |
| 6:20 | Construir | Lumber Camp |
| 6:55 | Crear | Villager (Male) |
| 7:35 | Construir | House |
| 7:55 | Crear | Villager (Male) |
| 7:56 | Crear | Villager (Male) |
| 8:15 | Crear | Villager (Male) |
| 9:14 | Investigar | Feudal Age |
| 10:30 | Construir | Mill |
| 10:55 | Crear | Villager (Male) |
| 11:28 | Edad | Edad Feudal |
| 11:30 | Construir | Stable |
| 11:44 | Construir | Watch Tower |
| 11:48 | Crear | Villager (Male) |
| 11:54 | Construir | Palisade Wall |
| 11:58 | Construir | Palisade Wall |
| 12:00 | Construir | Palisade Wall |
| 12:04 | Construir | Palisade Wall |
| 12:07 | Construir | Palisade Wall |
| 12:09 | Construir | Palisade Wall |
| 12:16 | Construir | Palisade Wall |
| 12:20 | Crear | Villager (Male) |
| 12:21 | Crear | Scout Cavalry |
| 12:22 | Crear | Scout Cavalry |
| 12:23 | Construir | House |
| 12:35 | Crear | Villager (Male) |
| 12:42 | Crear | Villager (Male) |
| 13:07 | Construir | House |
| 13:18 | Crear | Villager (Male) |
| 13:21 | Construir | Farm |
| 13:22 | Construir | Farm |
| 13:38 | Crear | Scout Cavalry |
| 13:44 | Construir | Farm |
| 13:45 | Construir | Farm |
| 13:48 | Crear | Villager (Male) |
| 14:04 | Crear | Villager (Male) |
| 14:14 | Construir | Farm |
| 14:15 | Crear | Villager (Male) |
| 14:27 | Crear | Villager (Male) |
| 14:39 | Construir | Farm |
| 14:54 | Crear | Villager (Male) |
| 15:01 | Construir | House |
| 15:09 | Construir | House |
| 15:11 | Construir | House |
| 15:15 | Construir | Palisade Wall |
| 15:16 | Construir | Palisade Wall |
| 15:28 | Crear | Villager (Male) |
| 15:49 | Crear | Villager (Male) |
| 15:49 | Crear | Villager (Male) |
| 15:51 | Construir | House |
| 15:58 | Construir | Palisade Wall |
| 15:59 | Construir | Palisade Wall |
| 16:02 | Construir | Palisade Wall |
| 16:05 | Construir | Palisade Wall |
| 16:14 | Construir | Farm |
| 16:17 | Construir | Farm |
| 16:18 | Construir | Farm |
| 16:26 | Crear | Villager (Male) |
| 16:58 | Construir | House |
| 17:02 | Crear | Villager (Male) |
| 17:07 | Construir | Watch Tower |
| 17:25 | Crear | Villager (Male) |
| 17:41 | Construir | House |
| 17:44 | Construir | Palisade Wall |
| 18:12 | Crear | Villager (Male) |
| 18:26 | Crear | Villager (Male) |
| 18:29 | Construir | Farm |
| 18:30 | Construir | Farm |
| 18:34 | Construir | Palisade Wall |
| 18:37 | Construir | Palisade Wall |
| 18:38 | Construir | Palisade Wall |
| 18:41 | Crear | Villager (Male) |
| 18:47 | Construir | Mining Camp |
| 19:04 | Crear | Villager (Male) |
| 19:20 | Construir | Farm |
| 19:20 | Construir | Farm |
| 19:20 | Construir | Farm |
| 19:23 | Construir | Farm |
| 19:23 | Construir | Farm |
| 19:24 | Construir | Farm |
| 19:32 | Crear | Villager (Male) |
| 20:06 | Crear | Villager (Male) |
| 20:17 | Construir | Farm |
| 20:18 | Construir | Farm |
| 20:31 | Investigar | Double-Bit Axe |
| 20:31 | Investigar | Double-Bit Axe |
| 20:37 | Construir | House |
| 20:54 | Crear | Villager (Male) |
| 21:26 | Crear | Villager (Male) |
| 21:31 | Construir | House |
| 21:58 | Crear | Villager (Male) |
| 22:02 | Construir | Blacksmith |
| 22:06 | Crear | Villager (Male) |
| 22:34 | Construir | Watch Tower |
| 22:43 | Crear | Villager (Male) |
| 23:01 | Crear | Villager (Male) |
| 24:05 | Construir | Mining Camp |
| 24:31 | Crear | Villager (Male) |
| 24:55 | Construir | House |
| 25:13 | Investigar | Fletching |
| 25:15 | Crear | Villager (Male) |
| 25:16 | Crear | Villager (Male) |
| 26:13 | Construir | Market |
| 26:27 | Construir | Watch Tower |
| 26:53 | Investigar | Castle Age |
| 26:53 | Investigar | Castle Age |
| 27:00 | Crear | Villager (Male) |
| 27:02 | Construir | House |
| 27:24 | Crear | Villager (Male) |
| 27:36 | Investigar | Scale Barding Armor |
| 27:41 | Investigar | Bloodlines |
| 27:42 | Crear | Villager (Male) |
| 27:49 | Construir | Farm |
| 28:01 | Crear | Villager (Male) |
| 28:14 | Crear | Villager (Male) |
| 28:47 | Construir | House |
| 29:03 | Crear | Villager (Male) |
| 29:11 | Crear | Villager (Male) |
| 29:18 | Construir | Lumber Camp |
| 29:33 | Edad | Edad de los Castillos |
| 29:34 | Crear | Villager (Male) |
| 29:36 | Crear | Knight |
| 29:37 | Crear | Knight |
| 29:51 | Construir | Stable |
| 30:03 | Crear | Knight |
| 30:15 | Crear | Villager (Male) |
| 30:45 | Crear | Knight |
| 30:47 | Crear | Knight |
| 30:48 | Crear | Villager (Male) |
| 30:59 | Crear | Knight |
| 30:59 | Crear | Knight |
| 31:04 | Crear | Knight |
| 31:11 | Crear | Villager (Male) |
| 31:30 | Crear | Villager (Male) |
| 31:40 | Construir | Farm |
Build order — Snowy
Primeras 150 de 383 acciones detectadas
| 0:11 | Construir | Town Center |
| 1:25 | Construir | House |
| 2:27 | Crear | Villager (Male) |
| 2:27 | Crear | Villager (Male) |
| 2:28 | Crear | Villager (Male) |
| 2:28 | Crear | Villager (Male) |
| 2:28 | Crear | Villager (Male) |
| 2:33 | Construir | House |
| 2:44 | Construir | House |
| 2:58 | Construir | House |
| 3:42 | Crear | Villager (Male) |
| 3:42 | Crear | Villager (Male) |
| 4:11 | Crear | Villager (Male) |
| 4:12 | Crear | Villager (Male) |
| 4:12 | Crear | Villager (Male) |
| 4:19 | Construir | House |
| 4:38 | Construir | Lumber Camp |
| 4:50 | Crear | Villager (Male) |
| 4:50 | Crear | Villager (Male) |
| 4:50 | Crear | Villager (Male) |
| 4:51 | Crear | Villager (Male) |
| 5:01 | Investigar | Loom |
| 5:13 | Crear | Villager (Male) |
| 5:13 | Crear | Villager (Male) |
| 5:27 | Crear | Villager (Male) |
| 5:27 | Crear | Villager (Male) |
| 5:31 | Construir | House |
| 6:38 | Crear | Villager (Male) |
| 6:38 | Crear | Villager (Male) |
| 6:38 | Crear | Villager (Male) |
| 6:39 | Crear | Villager (Male) |
| 6:41 | Crear | Villager (Male) |
| 6:41 | Crear | Villager (Male) |
| 6:42 | Crear | Villager (Male) |
| 7:11 | Crear | Villager (Male) |
| 7:11 | Crear | Villager (Male) |
| 7:33 | Construir | House |
| 7:40 | Construir | Palisade Wall |
| 7:41 | Construir | Palisade Wall |
| 7:42 | Construir | Palisade Wall |
| 7:59 | Construir | Mill |
| 8:24 | Crear | Villager (Male) |
| 9:27 | Crear | Villager (Male) |
| 9:32 | Construir | Palisade Wall |
| 9:41 | Construir | Palisade Gate |
| 9:48 | Construir | Palisade Wall |
| 9:50 | Construir | Palisade Wall |
| 9:59 | Crear | Villager (Male) |
| 10:13 | Construir | Mining Camp |
| 10:24 | Crear | Villager (Male) |
| 10:40 | Investigar | Feudal Age |
| 10:40 | Investigar | Feudal Age |
| 11:29 | Crear | Villager (Male) |
| 11:29 | Crear | Villager (Male) |
| 11:30 | Crear | Villager (Male) |
| 12:18 | Construir | House |
| 12:59 | Edad | Edad Feudal |
| 13:05 | Construir | Market |
| 13:15 | Construir | Blacksmith |
| 13:47 | Construir | House |
| 14:04 | Investigar | Castle Age |
| 14:14 | Construir | Outpost |
| 14:37 | Investigar | Double-Bit Axe |
| 15:23 | Crear | Villager (Male) |
| 15:27 | Construir | Mining Camp |
| 15:45 | Construir | Mill |
| 16:38 | Crear | Villager (Male) |
| 16:45 | Construir | House |
| 16:48 | Construir | Palisade Wall |
| 16:49 | Construir | Palisade Wall |
| 16:55 | Edad | Edad de los Castillos |
| 16:56 | Crear | Villager (Male) |
| 17:12 | Construir | Castle |
| 17:21 | Crear | Villager (Male) |
| 17:30 | Investigar | Bow Saw |
| 17:30 | Investigar | Bow Saw |
| 18:01 | Construir | House |
| 18:04 | Construir | Palisade Wall |
| 18:10 | Construir | Palisade Wall |
| 18:16 | Crear | Villager (Male) |
| 18:21 | Construir | Farm |
| 18:36 | Crear | Mameluke |
| 18:41 | Crear | Mameluke |
| 18:54 | Construir | Town Center |
| 19:02 | Crear | Villager (Male) |
| 19:26 | Construir | House |
| 19:27 | Construir | House |
| 19:47 | Crear | Villager (Male) |
| 19:47 | Crear | Villager (Male) |
| 19:48 | Construir | Farm |
| 20:08 | Crear | Mameluke |
| 20:08 | Crear | Mameluke |
| 20:08 | Crear | Mameluke |
| 20:24 | Crear | Villager (Male) |
| 20:24 | Crear | Villager (Male) |
| 20:26 | Construir | Farm |
| 20:56 | Crear | Mameluke |
| 20:56 | Crear | Mameluke |
| 20:57 | Crear | Villager (Male) |
| 20:57 | Crear | Villager (Male) |
| 21:01 | Crear | Villager (Male) |
| 21:25 | Crear | Mameluke |
| 21:26 | Crear | Mameluke |
| 21:27 | Crear | Villager (Male) |
| 21:28 | Crear | Villager (Male) |
| 21:29 | Construir | Farm |
| 21:50 | Investigar | Forging |
| 22:18 | Crear | Villager (Male) |
| 22:18 | Crear | Villager (Male) |
| 22:22 | Crear | Villager (Male) |
| 22:27 | Construir | Town Center |
| 22:36 | Crear | Mameluke |
| 22:46 | Crear | Villager (Male) |
| 22:50 | Construir | Town Center |
| 22:54 | Construir | Farm |
| 22:56 | Construir | Farm |
| 22:58 | Crear | Villager (Male) |
| 22:58 | Crear | Villager (Male) |
| 23:26 | Crear | Villager (Male) |
| 23:29 | Construir | Mill |
| 23:36 | Crear | Villager (Male) |
| 23:36 | Crear | Villager (Male) |
| 23:39 | Crear | Villager (Male) |
| 24:03 | Crear | Villager (Male) |
| 24:03 | Crear | Villager (Male) |
| 24:15 | Crear | Mameluke |
| 24:15 | Crear | Mameluke |
| 24:46 | Crear | Villager (Male) |
| 24:54 | Construir | House |
| 24:57 | Construir | Farm |
| 24:58 | Crear | Villager (Male) |
| 24:58 | Crear | Villager (Male) |
| 24:59 | Construir | Farm |
| 25:01 | Crear | Villager (Male) |
| 25:01 | Crear | Villager (Male) |
| 25:02 | Crear | Villager (Male) |
| 25:17 | Crear | Villager (Male) |
| 25:17 | Crear | Villager (Male) |
| 25:19 | Construir | Town Center |
| 25:27 | Construir | Farm |
| 25:31 | Construir | Farm |
| 25:31 | Construir | Farm |
| 25:36 | Crear | Villager (Male) |
| 25:38 | Construir | Farm |
| 25:39 | Construir | Farm |
| 25:39 | Construir | Farm |
| 25:40 | Construir | Farm |
| 25:44 | Crear | Villager (Male) |
| 25:45 | Crear | Villager (Male) |
| 25:59 | Construir | Farm |
Cronología de la partida
| 5:10 | [TN] Striker Eureka · wall_segment Palisade Wall x9 |
| 6:55 | [TN] Striker Eureka · wall_segment Palisade Wall x7 |
| 7:40 | Snowy · wall_segment Palisade Wall x1 |
| 7:41 | Snowy · wall_segment Palisade Wall x1 |
| 7:42 | Snowy · wall_segment Palisade Wall x1 |
| 9:32 | Snowy · wall_segment Palisade Wall x5 |
| 9:48 | Snowy · wall_segment Palisade Wall x1 |
| 9:50 | Snowy · wall_segment Palisade Wall x7 |
| 10:12 | Godot - The 14th Persecutor · first_building Barracks |
| 11:01 | mikeymazko · first_building Barracks |
| 11:08 | [TN] Striker Eureka · first_building Barracks |
| 11:20 | Fs.Riczayk · first_building Barracks |
| 11:28 | SNWY4 · age_up feudal |
| 11:30 | SNWY4 · first_building Stable |
| 11:54 | SNWY4 · wall_segment Palisade Wall x1 |
| 11:58 | SNWY4 · wall_segment Palisade Wall x1 |
| 12:00 | SNWY4 · wall_segment Palisade Wall x1 |
| 12:04 | SNWY4 · wall_segment Palisade Wall x1 |
| 12:07 | SNWY4 · wall_segment Palisade Wall x1 |
| 12:09 | SNWY4 · wall_segment Palisade Wall x1 |
| 12:12 | Fs.Riczayk · age_up feudal |
| 12:16 | SNWY4 · wall_segment Palisade Wall x1 |
| 12:25 | Franco · age_up feudal |
| 12:49 | mikeymazko · wall_segment Palisade Wall x1 |
| 12:57 | mikeymazko · age_up feudal |
| 12:59 | mikeymazko · first_building Archery Range |
| 12:59 | Snowy · age_up feudal |
| 13:07 | [TN] Striker Eureka · age_up feudal |
| 13:10 | [TN] Striker Eureka · first_building Stable |
| 13:42 | Fs.Riczayk · wall_segment Palisade Wall x1 |
| 13:43 | Fs.Riczayk · wall_segment Palisade Wall x1 |
| 13:44 | Fs.Riczayk · wall_segment Palisade Wall x1 |
| 14:01 | Snowy · first_market_sell 100 food |
| 14:18 | [TN] Striker Eureka · wall_segment Palisade Wall x1 |
| 14:19 | Fs.Riczayk · wall_segment Palisade Wall x1 |
| 14:19 | [TN] Striker Eureka · wall_segment Palisade Wall x1 |
| 14:20 | Fs.Riczayk · wall_segment Palisade Wall x1 |
| 14:34 | BRAZILBIKINI · age_up feudal |
| 14:41 | BRAZILBIKINI · first_building Barracks |
| 14:50 | Fs.Riczayk · wall_segment Palisade Wall x1 |
| 14:56 | mikeymazko · wall_segment Palisade Wall x1 |
| 15:02 | Godot - The 14th Persecutor · age_up feudal |
| 15:15 | SNWY4 · wall_segment Palisade Wall x1 |
| 15:16 | SNWY4 · wall_segment Palisade Wall x1 |
| 15:17 | Godot - The 14th Persecutor · first_building Archery Range |
| 15:58 | SNWY4 · wall_segment Palisade Wall x1 |
| 15:59 | SNWY4 · wall_segment Palisade Wall x1 |
| 16:02 | SNWY4 · wall_segment Palisade Wall x1 |
| 16:05 | SNWY4 · wall_segment Palisade Wall x1 |
| 16:48 | Snowy · wall_segment Palisade Wall x5 |
| 16:49 | Snowy · wall_segment Palisade Wall x1 |
| 16:55 | Snowy · age_up castle |
| 17:12 | Snowy · first_building Castle |
| 17:13 | Franco · first_building Barracks |
| 17:44 | SNWY4 · wall_segment Palisade Wall x1 |
| 18:04 | Snowy · wall_segment Palisade Wall x1 |
| 18:10 | Snowy · wall_segment Palisade Wall x4 |
| 18:11 | Franco · first_building Stable |
| 18:16 | BRAZILBIKINI · first_building Archery Range |
| 18:17 | [TN] Striker Eureka · age_up castle |
| 18:34 | SNWY4 · wall_segment Palisade Wall x1 |
| 18:37 | SNWY4 · wall_segment Palisade Wall x1 |
| 18:38 | SNWY4 · wall_segment Palisade Wall x1 |
| 20:06 | Snowy · first_market_buy 100 food |
| 20:18 | Franco · age_up castle |
| 21:22 | BRAZILBIKINI · first_market_sell 100 food |
| 21:24 | mikeymazko · age_up castle |
| 21:25 | BRAZILBIKINI · first_market_buy 100 stone |
| 21:34 | Fs.Riczayk · first_market_buy 100 wood |
| 22:31 | Franco · first_market_sell 100 food |
| 22:51 | [TN] Striker Eureka · first_building Archery Range |
| 23:46 | Godot - The 14th Persecutor · first_market_sell 100 food |
| 23:56 | BRAZILBIKINI · age_up castle |
| 24:26 | Godot - The 14th Persecutor · age_up castle |
| 24:33 | Fs.Riczayk · wall_segment Palisade Wall x5 |
| 25:00 | Godot - The 14th Persecutor · first_building Siege Workshop |
| 26:46 | Fs.Riczayk · wall_segment Stone Wall x9 |
| 27:00 | [TN] Striker Eureka · wall_segment Stone Wall x1 |
| 27:21 | [TN] Striker Eureka · first_market_buy 100 wood |
| 27:22 | mikeymazko · first_building Siege Workshop |
| 28:59 | Fs.Riczayk · age_up castle |
| 29:32 | [TN] Striker Eureka · first_building Monastery |
| 29:33 | SNWY4 · age_up castle |
| 30:24 | [TN] Striker Eureka · first_building Siege Workshop |
| 30:36 | [TN] Striker Eureka · first_market_sell 100 wood |
| 30:39 | Franco · first_market_buy 100 wood |
| 30:48 | [TN] Striker Eureka · first_building Castle |
| 31:42 | Fs.Riczayk · first_building Monastery |
| 31:43 | Snowy · first_building Monastery |
| 33:28 | Snowy · first_building Barracks |
| 34:28 | Snowy · first_building Stable |
| 35:05 | Snowy · wall_segment Palisade Wall x1 |
| 35:39 | SNWY4 · first_building Monastery |
| 35:47 | Fs.Riczayk · first_building Siege Workshop |
| 36:03 | BRAZILBIKINI · tribute_sent a jugador 1 |
| 36:03 | BRAZILBIKINI · tribute_sent a jugador 2 |
| 36:03 | BRAZILBIKINI · tribute_sent a jugador 4 |
| 36:03 | BRAZILBIKINI · tribute_sent a jugador 5 |
| 36:03 | BRAZILBIKINI · tribute_sent a jugador 6 |
| 36:03 | BRAZILBIKINI · tribute_sent a jugador 7 |
| 36:03 | BRAZILBIKINI · tribute_sent a jugador 8 |
| 36:18 | BRAZILBIKINI · tribute_sent a jugador 1 |
| 36:18 | BRAZILBIKINI · tribute_sent a jugador 2 |
| 36:18 | BRAZILBIKINI · tribute_sent a jugador 4 |
| 36:18 | BRAZILBIKINI · tribute_sent a jugador 5 |
| 36:18 | BRAZILBIKINI · tribute_sent a jugador 6 |
| 36:18 | BRAZILBIKINI · tribute_sent a jugador 7 |
| 36:18 | BRAZILBIKINI · tribute_sent a jugador 8 |
| 36:36 | Franco · first_building Monastery |
| 37:44 | mikeymazko · age_up imperial |
| 37:51 | SNWY4 · first_market_sell 500 stone |
| 37:54 | SNWY4 · first_market_buy 100 food |
| 37:55 | Franco · first_building Castle |
| 37:57 | Fs.Riczayk · first_building Castle |
| 38:36 | Snowy · age_up imperial |
| 38:44 | mikeymazko · first_building Castle |
| 38:57 | BRAZILBIKINI · resign |
[ ANÁLISIS IA · 1 CRÉDITO ]
¿Qué pasó realmente en esta partida?
Wolo.gg analiza cada decisión: build order, eco, micro, errores típicos por bracket. Análisis personalizado por WhatsApp o Discord en 30 segundos.
Guía civ
Chinos
Perfil
Jugador #6742585